2902 views
Uploaded 2020-02-21 17:52:03
Game version 1.32 / 1.32.1
13:32 long 2on2 ladder game on (4)FurbolgMountain
Saved by iggythefisk
2902 views
Uploaded 2020-02-21 17:52:03
Game version 1.32 / 1.32.1
13:32 long 2on2 ladder game on (4)FurbolgMountain


61 units @ 7.8k
/ 0.7k
33 buildings @ 3.9k
/ 1.6k


| Scroll of Regeneration | 3 | 300 |
| total: | 3 | 300g |
| Peasant | 13 | 975 | / | 0 |
| Footman | 8 | 1080 | / | 0 |
| Sorceress | 6 | 930 | / | 120 |
| Priest | 6 | 810 | / | 60 |
| Spell Breaker | 1 | 215 | / | 30 |
| total: | 34 | 4010g | / | 210w |
| Altar of Kings | 1 | 180 | / | 50 |
| Barracks | 1 | 160 | / | 60 |
| Farm | 10 | 800 | / | 200 |
| Arcane Vault | 1 | 130 | / | 30 |
| Lumber Mill | 1 | 120 | / | 0 |
| Town Hall | 1 | 385 | / | 205 |
| Arcane Sanctum | 2 | 300 | / | 280 |
| Keep | 1 | 320 | / | 210 |
| total: | 17 | 2075g | / | 825w |
| 0:01 | Peasant |
| 0:03 | Altar of Kings |
| 0:05 | Peasant |
| 0:11 | Peasant |
| 0:18 | Barracks |
| 0:22 | Farm |
| 0:36 | Peasant |
| 0:51 | Peasant |
| 1:03 | Farm |
| 1:11 | Peasant |
| 1:21 | Footman |
| 1:26 | Peasant |
| 1:38 | Footman |
| 1:42 | Peasant |
| 1:59 | Peasant |
| 2:02 | Summon Water Elemental |
| 2:09 | Footman |
| 2:16 | Farm |
| 2:34 | Keep |
| 2:51 | Arcane Vault |
| 3:00 | Brilliance Aura |
| 3:21 | Footman |
| 3:48 | Footman |
| 3:50 | Farm |
| 4:04 | Lumber Mill |
| 4:26 | Footman |
| 4:29 | Summon Water Elemental |
| 4:37 | Scroll of Regeneration |
| 4:46 | Footman |
| 5:03 | Arcane Sanctum |
| 5:06 | Arcane Sanctum |
| 6:08 | Defend |
| 6:18 | Farm |
| 6:30 | Farm |
| 6:39 | Sorceress Adept Training |
| 6:42 | Storm Bolt |
| 6:48 | Brilliance Aura |
| 7:02 | Priest Adept Training |
| 7:03 | Sorceress |
| 7:03 | Priest |
| 7:20 | Farm |
| 7:31 | Scroll of Regeneration |
| 7:38 | Sorceress |
| 8:24 | Spell Breaker |
| 8:41 | Bash |
| 8:56 | Sorceress |
| 9:11 | Scroll of Regeneration |
| 9:22 | Footman |
| 9:23 | Sorceress |
| 9:23 | Priest |
| 9:36 | Farm |
| 9:46 | Priest |
| 10:27 | Priest |
| 10:30 | Town Hall |
| 10:37 | Peasant |
| 10:38 | Peasant |
| 11:21 | Farm |
| 11:22 | Farm |
| 11:25 | Priest |
| 11:57 | Storm Bolt |
| 12:23 | Sorceress |
| 12:36 | Peasant |
| 12:36 | Peasant |
| 12:44 | Summon Water Elemental |
| 13:12 | Sorceress |
| 13:12 | Priest |
| 13:23 | Bash |
| Right click | 754 |
| Select | 405 |
| Assign group | 355 |
| Select group | 183 |
| Build/train/purchase | 96 |
| Misc. action | 44 |
| Use ability | 10 |
| Chat | 6 |
| Remove unit | 3 |
| Item give/drop | 2 |
| Minimap ping | 1 |


| Scroll of Regeneration | 3 | 300 |
| Ivory Tower | 2 | 80 |
| total: | 5 | 380g |
| Peasant | 9 | 675 | / | 0 |
| Footman | 7 | 945 | / | 0 |
| Rifleman | 8 | 1640 | / | 240 |
| Mortar Team | 3 | 540 | / | 210 |
| total: | 27 | 3800g | / | 450w |
| Arcane Tower | 1 | 70 | / | 50 |
| Altar of Kings | 1 | 180 | / | 50 |
| Barracks | 2 | 320 | / | 120 |
| Farm | 8 | 640 | / | 160 |
| Arcane Vault | 2 | 260 | / | 60 |
| Blacksmith | 1 | 140 | / | 60 |
| Cannon Tower | 1 | 120 | / | 100 |
| Arcane Sanctum | 1 | 150 | / | 140 |
| Workshop | 1 | 140 | / | 140 |
| Keep | 1 | 320 | / | 210 |
| Castle | 1 | 360 | / | 210 |
| total: | 16 | 1830g | / | 730w |
| 0:00 | Peasant |
| 0:03 | Altar of Kings |
| 0:07 | Peasant |
| 0:16 | Barracks |
| 0:17 | Peasant |
| 0:31 | Farm |
| 0:35 | Peasant |
| 0:56 | Peasant |
| 1:09 | Farm |
| 1:10 | Peasant |
| 1:17 | Footman |
| 1:28 | Footman |
| 1:34 | Farm |
| 1:45 | Peasant |
| 2:02 | Peasant |
| 2:03 | Footman |
| 2:05 | Summon Water Elemental |
| 2:16 | Peasant |
| 2:56 | Keep |
| 2:56 | Footman |
| 3:07 | Arcane Vault |
| 3:09 | Arcane Vault |
| 4:05 | Footman |
| 4:23 | Footman |
| 4:26 | Farm |
| 5:00 | Brilliance Aura |
| 5:02 | Footman |
| 5:09 | Blacksmith |
| 5:23 | Scroll of Regeneration |
| 5:39 | Arcane Sanctum |
| 5:53 | Barracks |
| 6:09 | Farm |
| 6:10 | Farm |
| 6:37 | Summon Water Elemental |
| 6:44 | Storm Bolt |
| 7:00 | Rifleman |
| 7:00 | Rifleman |
| 7:03 | Black Gunpowder |
| 7:06 | Workshop |
| 7:15 | Rifleman |
| 7:15 | Rifleman |
| 7:17 | Farm |
| 7:19 | Scroll of Regeneration |
| 8:04 | Defend |
| 8:05 | Long Rifles |
| 8:07 | Studded Leather Armor |
| 8:12 | Bash |
| 8:19 | Scroll of Regeneration |
| 8:26 | Ivory Tower |
| 8:26 | Ivory Tower |
| 8:36 | Mortar Team |
| 8:37 | Farm |
| 10:09 | Brilliance Aura |
| 10:15 | Rifleman |
| 10:16 | Mortar Team |
| 10:19 | Castle |
| 10:55 | Rifleman |
| 10:56 | Rifleman |
| 11:17 | Mortar Team |
| 11:47 | Arcane Tower |
| 11:48 | Cannon Tower |
| 12:10 | Rifleman |
| 12:29 | Storm Bolt |
| Right click | 1178 |
| Select | 575 |
| Select group | 400 |
| Build/train/purchase | 103 |
| Assign group | 73 |
| Misc. action | 20 |
| Use ability | 14 |
| Minimap ping | 4 |
50 units @ 7.4k
/ 0.8k
25 buildings @ 3.2k
/ 1k


| Rod of Necromancy | 1 | 150 |
| Potion of Healing | 1 | 150 |
| Scroll of Town Portal | 1 | 350 |
| total: | 3 | 650g |
| Acolyte | 2 | 150 | / | 0 |
| Ghoul | 4 | 480 | / | 0 |
| Crypt Fiend | 9 | 1935 | / | 360 |
| Obsidian Statue | 2 | 400 | / | 70 |
| Abomination | 2 | 480 | / | 140 |
| total: | 19 | 3445g | / | 570w |
| Nerubian Tower | 1 | 100 | / | 20 |
| Altar of Darkness | 1 | 180 | / | 50 |
| Crypt | 1 | 200 | / | 50 |
| Ziggurat | 5 | 750 | / | 250 |
| Graveyard | 1 | 215 | / | 0 |
| Tomb of Relics | 1 | 130 | / | 30 |
| Slaughterhouse | 1 | 140 | / | 135 |
| Halls of the Dead | 1 | 320 | / | 210 |
| Black Citadel | 1 | 325 | / | 230 |
| total: | 10 | 1615g | / | 515w |
| 0:07 | Acolyte |
| 0:24 | Altar of Darkness |
| 0:26 | Crypt |
| 0:28 | Ziggurat |
| 0:33 | Acolyte |
| 1:06 | Graveyard |
| 1:15 | Ziggurat |
| 1:34 | Ghoul |
| 1:41 | Tomb of Relics |
| 1:57 | Ghoul |
| 2:07 | Nerubian Tower |
| 2:18 | Ghoul |
| 2:28 | Crypt Fiend |
| 2:34 | Death Coil |
| 2:47 | Rod of Necromancy |
| 3:09 | Crypt Fiend |
| 3:39 | Halls of the Dead |
| 3:52 | Crypt Fiend |
| 4:27 | Crypt Fiend |
| 4:32 | Ziggurat |
| 4:57 | Unholy Aura |
| 5:17 | Ziggurat |
| 5:25 | Crypt Fiend |
| 6:02 | Slaughterhouse |
| 6:08 | Ghoul |
| 6:19 | Unholy Aura |
| 6:43 | Crypt Fiend |
| 6:45 | Creature Attack |
| 6:46 | Creature Carapace |
| 6:52 | Potion of Healing |
| 7:04 | Obsidian Statue |
| 7:10 | Ziggurat |
| 7:30 | Obsidian Statue |
| 8:33 | Black Citadel |
| 9:54 | Death Coil |
| 10:11 | Crypt Fiend |
| 10:16 | Crypt Fiend |
| 10:24 | Scroll of Town Portal |
| 10:28 | Unholy Strength |
| 10:28 | Unholy Armor |
| 10:54 | Abomination |
| 11:19 | Vampiric Aura |
| 12:36 | Abomination |
| 12:38 | Crypt Fiend |
| Right click | 237 |
| Select | 156 |
| Build/train/purchase | 43 |
| Use ability | 19 |
| Assign group | 12 |
| Misc. action | 7 |
| Remove unit | 1 |
| Minimap ping | 1 |


| Scroll of Regeneration | 3 | 300 |
| Scroll of Town Portal | 1 | 350 |
| total: | 4 | 650g |
| Peasant | 11 | 825 | / | 0 |
| Footman | 11 | 1485 | / | 0 |
| Priest | 5 | 675 | / | 50 |
| Rifleman | 1 | 205 | / | 30 |
| Knight | 3 | 735 | / | 180 |
| total: | 31 | 3925g | / | 260w |
| Scout Tower | 1 | 30 | / | 20 |
| Arcane Tower | 1 | 70 | / | 50 |
| Altar of Kings | 1 | 180 | / | 50 |
| Farm | 7 | 560 | / | 140 |
| Barracks | 1 | 160 | / | 60 |
| Arcane Vault | 2 | 260 | / | 60 |
| Blacksmith | 1 | 140 | / | 60 |
| Lumber Mill | 1 | 120 | / | 0 |
| Arcane Sanctum | 1 | 150 | / | 140 |
| Keep | 2 | 640 | / | 420 |
| Castle | 1 | 360 | / | 210 |
| total: | 15 | 1600g | / | 530w |
| 0:05 | Peasant |
| 0:05 | Peasant |
| 0:10 | Altar of Kings |
| 0:17 | Farm |
| 0:28 | Barracks |
| 0:32 | Peasant |
| 0:44 | Peasant |
| 0:54 | Farm |
| 1:00 | Peasant |
| 1:14 | Peasant |
| 1:30 | Footman |
| 1:35 | Scout Tower |
| 1:40 | Footman |
| 1:44 | Peasant |
| 1:49 | Farm |
| 2:13 | Footman |
| 2:34 | Black Arrow |
| 2:37 | Farm |
| 2:39 | Footman |
| 2:40 | Arcane Tower |
| 3:12 | Arcane Vault |
| 3:36 | Footman |
| 3:36 | Footman |
| 3:38 | Keep |
| 4:01 | Footman |
| 4:10 | Blacksmith |
| 4:21 | Arcane Vault |
| 4:56 | Footman |
| 4:57 | Defend |
| 5:30 | Footman |
| 5:32 | Farm |
| 5:48 | Life Drain |
| 6:13 | Arcane Sanctum |
| 6:29 | Footman |
| 6:32 | Peasant |
| 6:35 | Lumber Mill |
| 6:40 | Scroll of Regeneration |
| 6:56 | Scroll of Regeneration |
| 7:01 | Scroll of Regeneration |
| 7:20 | Iron Plating |
| 7:23 | Storm Bolt |
| 7:32 | Farm |
| 7:33 | Priest |
| 7:34 | Priest |
| 8:08 | Castle |
| 8:13 | Farm |
| 8:41 | Steel Plating |
| 8:43 | Priest |
| 9:14 | Black Arrow |
| 9:32 | Footman |
| 10:15 | Priest |
| 10:18 | Rifleman |
| 10:30 | Knight |
| 10:42 | Scroll of Town Portal |
| 10:48 | Priest |
| 11:09 | Priest Adept Training |
| 11:15 | Knight |
| 12:26 | Knight |
| 12:28 | Peasant |
| 12:28 | Peasant |
| 12:28 | Peasant |
| 12:48 | Bash |
| Assign group | 457 |
| Right click | 362 |
| Select | 221 |
| Select group | 90 |
| Build/train/purchase | 78 |
| Use ability | 10 |
| Minimap ping | 2 |
| Item give/drop | 1 |
⇛